 Dungeon Crawl Stone Soup version 0.29.1-2-gbd0b4ee654 (webtiles) character file.

Game seed: 13023511628936479144

392 kingsuperguy the Chopper (level 6, -4/56 HPs)
             Began as a Hill Orc Monk on Nov 18, 2022.
             Was a Believer of Beogh.
             Slain by a water moccasin (7 damage)
             ... on level 5 of the Dungeon.
             The game lasted 00:11:06 (7631 turns).

kingsuperguy the Chopper (Hill Orc Monk)            Turns: 7631, Time: 00:11:07

Health: -4/56      AC:  5    Str: 14    XL:     6   Next: 80%
Magic:  6/6        EV: 12    Int: 10    God:    Beogh [**....]
Gold:   264        SH:  0    Dex: 13    Spells: 5/5 levels left

rFire   . . .      SeeInvis .   p - +0 battleaxe
rCold   . . .      Faith    .   (shield currently unavailable)
rNeg    . . .      Spirit   .   d - +0 leather armour
rPois   .          Reflect  .   (helmet restricted)
rElec   .          Harm     .   i - +0 cloak
rCorr   .          Rampage  .   e - +0 pair of gloves
Will    .....                   (no boots)
Stlth   ++........              (no amulet)
HPRegen 0.18/turn               (no ring)
MPRegen 0.10/turn               (no ring)

@: about to teleport
A: antennae 1, sense surroundings 1, weak 1
a: Renounce Religion, Smiting


You were on level 5 of the Dungeon.
You worshipped Beogh.
Beogh was pleased with you.
You visited 1 branch of the dungeon, and saw 5 of its levels.

You collected 264 gold pieces.

Inventory:

Hand Weapons
 a - a +0 hand axe
 f - a +2 mace of protection
 j - a +1 vampiric trident
 p - a +0 battleaxe (weapon)
Missiles
 c - 3 poisoned darts (quivered)
Armour
 b - a +0 robe
 d - a +0 leather armour (worn)
 e - a +0 pair of gloves (worn)
 i - a +0 cloak (worn)
Scrolls
 g - 2 scrolls of magic mapping
 h - 2 scrolls of teleportation
 k - a scroll of enchant weapon
 m - a scroll of blinking {unknown}
 n - 5 scrolls of identify
 o - a scroll of noise
Potions
 l - a potion of curing


   Skills:
 + Level 5.2 Fighting
 + Level 6.5 Axes
 + Level 2.3 Armour
 + Level 3.3 Dodging
 + Level 2.6 Stealth


You had 5 spell levels left.
You didn't know any spells.
Your spell library contained the following spells:

 Spells                   Type           Power      Damage    Failure   Level
 Ensorcelled Hibernation  Hex/Ice        0%         N/A       56%         2
 Passwall                 Tmut/Erth      0%         N/A       56%         2
 Call Canine Familiar     Summ           0%         N/A       80%         3
 Portal Projectile        Hex/Tloc       0%         N/A       80%         3
 Spider Form              Tmut/Pois      0%         N/A       80%         3
 Swiftness                Air            0%         N/A       80%         3
 Anguish                  Hex/Necr       0%         N/A       99%         4
 Leda's Liquefaction      Hex/Erth       0%         N/A       99%         4


Dungeon Overview and Level Annotations

Branches:
Dungeon (5/15)             Temple (0/1) D:4

Altars:
Okawaru

Shops:
D:1 ?=?=

Annotations:
D:4 Edmund


Innate Abilities, Weirdness & Mutations

You have a pair of small antennae on your head.
You passively map a small area around you.
You are weak. (Str -2)


Message History

* * * LOW HITPOINT WARNING * * *
Your surroundings suddenly seem different.
Found 12 gold pieces.
Found a stone staircase leading up.
You start resting.
A water moccasin is nearby!
There is a stone staircase leading up here.
You can't go down here!
You climb upwards.
Level annotation: Edmund
There is a stone staircase leading down here.
You start resting.
HP restored.
There is a stone staircase leading up here.
There is an escape hatch in the floor here.
You slide downwards.
The hatch slams shut behind you.
The ogre shouts!
The ogre hits you with a +0 giant club.
There is an open door here.
You hit the ogre.
The ogre is lightly wounded.
The ogre barely misses you.
You barely miss the ogre.
The ogre is lightly wounded.
The water moccasin barely misses you.
The ogre hits you with a +0 giant club!!
Ouch! That really hurt!
You completely miss the ogre.
The ogre is lightly wounded.
You barely miss the water moccasin. The water moccasin bites you.
The water moccasin barely misses you. The ogre barely misses you.
As you read the scroll of teleportation, it crumbles to dust.
You feel strangely unstable. The water moccasin barely misses you.
The water moccasin completely misses you.
The ogre hits you with a +0 giant club!
* * * LOW HITPOINT WARNING * * *
The water moccasin attacks as you move away!
The water moccasin barely misses you.
The water moccasin attacks as you move away!
The water moccasin bites you!
You die...

##......#############
.#......#...........#
.#......#...........#
.#......'...........#
.#......#...........#
.#......#.........<.#
'#O.....###.##.######
......#####.##O###..#
....$.+ #.....S@...#
......# #..........#
......##*##...###...#
#.......###...#######
+.......#.....#.....#
#...S...'.....#.....#
#.......#.##..##....#
###....#####..##....#
. #....#......'.....#


You could see a water moccasin and an ogre.

Vanquished Creatures
  A centaur (D:5)
  A necrophage (D:4)
  4 iguanas
  An orc wizard (D:5)
  An adder (D:2)
  A white imp (D:5)
  2 worms (D:2)
  2 dart slugs
  5 orcs
  8 bats
  6 endoplasms
  7 giant cockroaches
  2 hobgoblins (D:2)
  9 jackals
  6 kobolds
  3 quokkas (D:1)
  5 ball pythons
  2 frilled lizards (D:1)
  7 goblins
  4 rats
77 creatures vanquished.

Vanquished Creatures (others)
  An orc priest (D:4)
  An orc (D:4)
  A plant (D:4)
3 creatures vanquished.

Grand Total: 80 creatures vanquished

Notes
Turn   | Place    | Note
-------+----------+-------------------------------------------
     0 | D:1      | kingsuperguy the Hill Orc Monk began the quest for the Orb.
     0 | D:1      | Reached XP level 1. HP: 19/19 MP: 1/1
    43 | D:1      | Found Ezxarph's Jewellery Shop.
    53 | D:1      | Found Ziow's Magic Scroll Emporium.
    75 | D:1      | Found Fali's Magic Scroll Shop.
   224 | D:1      | Reached XP level 2. HP: 22/27 MP: 2/2
   670 | D:1      | Found Nawn's Jewellery Emporium.
   916 | D:1      | Reached XP level 3. HP: 20/33 MP: 3/3
  1761 | D:2      | Reached skill level 5 in Axes
  2186 | D:2      | Reached XP level 4. HP: 39/40 MP: 4/4
  3686 | D:3      | Gained mutation: You are weak. (Str -2) [potion of
                  | mutation]
  3686 | D:3      | Gained mutation: You passively map a small area around you.
                  | [potion of mutation]
  3686 | D:3      | Gained mutation: You have a pair of small antennae on your
                  | head. [potion of mutation]
  3688 | D:3      | HP: 2/60 [iguana (8)]
  4148 | D:3      | Found a faded altar of an unknown god.
  4355 | D:3      | Reached XP level 5. HP: 42/47 MP: 5/5
  4759 | D:4      | Found a staircase to the Ecumenical Temple.
  5634 | D:5      | Entered Level 5 of the Dungeon
  5736 | D:5      | Noticed an ogre
  5984 | D:4      | Reached skill level 6 in Axes
  5984 | D:4      | Reached skill level 1 in Armour
  5984 | D:4      | Reached XP level 6. HP: 13/51 MP: 6/6
  6334 | D:4      | Found an iron altar of Okawaru.
  6647 | D:4      | Noticed Edmund
  6658 | D:4      | Became a worshipper of Beogh the Brigand
  6658 | D:4      | Reached * piety under Beogh
  6658 | D:4      | Reached ** piety under Beogh
  7000 | D:5      | Reached skill level 5 in Fighting
  7257 | D:5      | Noticed a water moccasin
  7265 | D:5      | HP: 1/56 [ogre/+0 giant club (26)]
  7628 | D:5      | HP: 2/56 [ogre/+0 giant club (15)]
  7631 | D:5      | Slain by a water moccasin

Illustrated notes

Levels and vault maps discovered:
D:1:      dpeg_arrival_radiant, layout_basic, serial_shops,
          nicolae_shop_hallway_plus, shop, shop, nicolae_shop_statue_plus,
          nrook_uturn, chequers_serial_rivers_large_b, st_stairs_8,
          minmay_vboxes
D:2:      layout_basic
D:3:      layout_basic, hellmonk_ecumenical_altar_pennies_from_heaven
D:4:      layout_loops_ring, nicolae_overflow_hidden_temple,
          minmay_temple_entry_mist, sigmund_edmund_badplayer
D:5:      layout_gridville, mainiacjoe_overflow_catwalk,
          eino_small_chamber_without_monster

Skill      XL: |  1  2  3  4  5  6 |
---------------+-------------------+-----
Fighting       | 4 5 |  5.2
Axes           | 5 6 |  6.5
Dodging        | 3 |  3.3
Stealth        | 2 |  2.6
Armour         | 1 2 |  2.3

Action                   |  1- 3 |  4- 6 || total
-------------------------+-------+-------++-------
Melee: Hand axe          |   146 |   157 ||   303
       Punch             |     3 |     1 ||     4
       Battleaxe         |       |    53 ||    53
Throw: Throwing net      |       |     2 ||     2
Invok: Convert to Beogh  |       |     1 ||     1
  Use: Potion            |       |    10 ||    10
       Scroll            |       |    11 ||    11
 Stab: Sleeping          |     5 |     1 ||     6
       Distracted        |     1 |       ||     1
Armor: Robe              |    51 |    16 ||    67
       Skin              |       |    13 ||    13
       Leather armour    |       |    21 ||    21
Dodge: Dodged            |    98 |   117 ||   215
